MID
SOUTH BEND CUBS @ GREENSBORO GRASSHOPPERS
07/16/2048
 
TOP OF THE 1ST
South Bend Cubs batting - Pitching for Greensboro Grasshoppers : LHP Mike Wasson
Pitching: LHP Mike Wasson
Batting: RHB Andy Huntley 0-0: Fly out, F7 (Flyball, 7, EV 78.1 MPH)
Batting: LHB Kwang-chih Men 0-0: Ball
1-0: Ground out 4-3 (Groundball, 4, EV 107.5 MPH)
Batting: RHB Taylor Garofalo 0-0: Fly out, F7 (Flyball, 78S, EV 89.4 MPH)
Top of the 1st over - 0 runs, 0 hits, 0 errors, 0 left on base; South Bend 0 - Greensboro 0
BOTTOM OF THE 1ST
Greensboro Grasshoppers batting - Pitching for South Bend Cubs : RHP Steve Vint
Pitching: RHP Steve Vint
Batting: RHB Harrie de Kam 0-0: Called Strike
0-1: Ball
1-1: DOUBLE (Line Drive, 7LM, EV 110.0 MPH)
Batting: RHB Rafael Irizarry 0-0: Ball
1-0: Ball
2-0: Ball
3-0: Called Strike
3-1: Called Strike
3-2: Strikes out swinging
Batting: RHB Nate Crofts 0-0: Called Strike
0-1: SINGLE (Line Drive, 89S, EV 104.4 MPH)
Harrie de Kam to third
Runner from 3rd tries for Home, SAFE, throw by CF to home
Batting: LHB Ryan Karg 0-0: Ball
1-0: Called Strike
1-1: Foul Ball, location: 2F
1-2: Ball
2-2: SINGLE (Groundball, 4MD, EV 110.0 MPH)
Nate Crofts to second
Batting: RHB Chris Alft 0-0: Ball
1-0: Called Strike
1-1: Called Strike
1-2: Foul Ball, location: 2F
1-2: Strikes out looking
Batting: LHB Ryan Thompson 0-0: Ground out 2-3 (Groundball, 13S, EV 71.9 MPH)
Bottom of the 1st over - 1 run, 3 hits, 0 errors, 2 left on base; South Bend 0 - Greensboro 1
TOP OF THE 2ND
South Bend Cubs batting - Pitching for Greensboro Grasshoppers : LHP Mike Wasson
Batting: RHB Han-seung Hah 0-0: Called Strike
0-1: Foul Ball, location: 2F
0-2: Strikes out swinging
Batting: RHB Juan Bonilla 0-0: Swinging Strike
0-1: Called Strike
0-2: Ball
1-2: Fly out, F9 (Line Drive, 89S, EV 92.5 MPH)
Batting: RHB Josh Burns 0-0: Called Strike
0-1: Foul Ball, location: 2F
0-2: Ball
1-2: Foul Ball, location: 2F
1-2: Fly out, F8 (Line Drive, 78D, EV 102.5 MPH)
Top of the 2nd over - 0 runs, 0 hits, 0 errors, 0 left on base; South Bend 0 - Greensboro 1
BOTTOM OF THE 2ND
Greensboro Grasshoppers batting - Pitching for South Bend Cubs : RHP Steve Vint
Batting: LHB Jose Cabello 0-0: Foul Ball, location: 2F
0-1: SINGLE (Groundball, 6MD, EV 110.0 MPH)
Batting: RHB J.D. Vander Klok 0-0: Ball
1-0: Fly out, F8 (Line Drive, 8LD, EV 89.4 MPH)
Runner from 1st tags up, SAFE at 2nd
Batting: RHB Dennis Coppolino 0-0: Called Strike
0-1: Ball
1-1: Ball
2-1: Ground out 6-3 (Groundball, 6, EV 91.2 MPH)
Batting: RHB Harrie de Kam 0-0: Swinging Strike
0-1: Ball
1-1: Swinging Strike
1-2: Foul Ball, location: 2F
1-2: Ball
Wild Pitch!
Jose Cabello to third
2-2: Ground out 4-3 (Groundball, 4, EV 103.1 MPH)
Bottom of the 2nd over - 0 runs, 1 hit, 0 errors, 1 left on base; South Bend 0 - Greensboro 1
TOP OF THE 3RD
South Bend Cubs batting - Pitching for Greensboro Grasshoppers : LHP Mike Wasson
Batting: RHB Denis Rachin 0-0: Ball
1-0: Called Strike
1-1: Swinging Strike
1-2: Strikes out swinging
Batting: LHB Adam Conover 0-0: Called Strike
0-1: Called Strike
0-2: Strikes out swinging
Batting: LHB Hiroki Yamamoto 0-0: Called Strike
0-1: Ball
1-1: Ball
2-1: SINGLE (Line Drive, 34D, EV 95.0 MPH)
Batting: RHB Andy Huntley 0-0: Ball
1-0: Ball
2-0: Called Strike
2-1: Ball
3-1: Swinging Strike
3-2: Strikes out looking
Top of the 3rd over - 0 runs, 1 hit, 0 errors, 1 left on base; South Bend 0 - Greensboro 1
BOTTOM OF THE 3RD
Greensboro Grasshoppers batting - Pitching for South Bend Cubs : RHP Steve Vint
Batting: RHB Rafael Irizarry 0-0: Ground out U3 (Groundball, 34, EV 84.4 MPH)
Batting: RHB Nate Crofts 0-0: Ball
1-0: Swinging Strike
1-1: Ball
2-1: Foul Ball, location: 2F
2-2: Ball
3-2: Strikes out looking
Batting: LHB Ryan Karg 0-0: Foul Ball, location: 2F
0-1: Ball
1-1: Foul Ball, location: 2F
1-2: SINGLE (Line Drive, 3D, EV 103.8 MPH)
Batting: RHB Chris Alft 0-0: Ball
1-0: Ball
2-0: SINGLE (Groundball, 6MD, EV 107.5 MPH)
Ryan Karg to second
Runner from 2nd tries for 3rd, SAFE, throw by CF made to third
Batting: LHB Ryan Thompson 0-0: Ball
1-0: Ball
Wild Pitch!
Ryan Karg scores
Chris Alft to second
2-0: Called Strike
2-1: Foul Ball, location: 2F
2-2: Ground out 6-3 (Groundball, 6M, EV 80.6 MPH)
Bottom of the 3rd over - 1 run, 2 hits, 0 errors, 1 left on base; South Bend 0 - Greensboro 2
TOP OF THE 4TH
South Bend Cubs batting - Pitching for Greensboro Grasshoppers : LHP Mike Wasson
Batting: LHB Kwang-chih Men 0-0: Ground out 6-3 (Groundball, 6S, EV 66.2 MPH)
Batting: RHB Taylor Garofalo 0-0: Ground out 6-3 (Groundball, 6, EV 84.4 MPH)
Batting: RHB Han-seung Hah 0-0: Ball
1-0: Called Strike
1-1: Ball
2-1: Called Strike
2-2: Foul Ball, location: 2F
2-2: Strikes out swinging
Top of the 4th over - 0 runs, 0 hits, 0 errors, 0 left on base; South Bend 0 - Greensboro 2
BOTTOM OF THE 4TH
Greensboro Grasshoppers batting - Pitching for South Bend Cubs : RHP Steve Vint
Batting: LHB Jose Cabello 0-0: Ball
1-0: Ground out 4-3 (Groundball, 4, EV 88.8 MPH)
Batting: RHB J.D. Vander Klok 0-0: Ball
1-0: Ground out 5-3 (Groundball, 56, EV 88.8 MPH)
Batting: RHB Dennis Coppolino 0-0: Ball
1-0: Called Strike
1-1: Called Strike
1-2: Foul Ball, location: 2F
1-2: Ball
2-2: Strikes out swinging
Bottom of the 4th over - 0 runs, 0 hits, 0 errors, 0 left on base; South Bend 0 - Greensboro 2
TOP OF THE 5TH
South Bend Cubs batting - Pitching for Greensboro Grasshoppers : LHP Mike Wasson
Batting: RHB Juan Bonilla 0-0: Foul Ball, location: 2F
0-1: Ball
1-1: Swinging Strike
1-2: Ball
2-2: Strikes out looking
Batting: RHB Josh Burns 0-0: Foul Ball, location: 2F
0-1: Ball
1-1: Foul Ball, location: 2F
1-2: Foul Ball, location: 2F
1-2: Strikes out looking
Batting: RHB Denis Rachin 0-0: Ground out 1-3 (Groundball, P, EV 75.0 MPH)
Top of the 5th over - 0 runs, 0 hits, 0 errors, 0 left on base; South Bend 0 - Greensboro 2
BOTTOM OF THE 5TH
Greensboro Grasshoppers batting - Pitching for South Bend Cubs : RHP Steve Vint
Batting: RHB Harrie de Kam 0-0: Ball
1-0: Called Strike
1-1: Ball
2-1: Ball
3-1: Ground out 4-3 (Groundball, 4, EV 86.2 MPH)
Batting: RHB Rafael Irizarry 0-0: Called Strike
0-1: Ball
1-1: Ball
2-1: Ball
3-1: Swinging Strike
3-2: Fly out, F9 (Line Drive, 9LM, EV 103.8 MPH)
Batting: RHB Nate Crofts 0-0: Ball
1-0: Fly out, F8 (Flyball, 89XD, EV 82.5 MPH)
Bottom of the 5th over - 0 runs, 0 hits, 0 errors, 0 left on base; South Bend 0 - Greensboro 2
TOP OF THE 6TH
South Bend Cubs batting - Pitching for Greensboro Grasshoppers : LHP Mike Wasson
Batting: LHB Adam Conover 0-0: Called Strike
0-1: Ball
1-1: Ball
2-1: Swinging Strike
2-2: Foul Ball, location: 2F
2-2: Strikes out swinging
Pitching: RHP Bill Padgett
Batting: LHB Hiroki Yamamoto 0-0: Ball
1-0: Swinging Strike
1-1: Ball
2-1: Ball
3-1: Foul Ball, location: 2F
3-2: Foul Ball, location: 2F
3-2: Base on Balls
Batting: RHB Andy Huntley 0-0: Called Strike
0-1: Ball
1-1: Swinging Strike
1-2: Strikes out swinging
Batting: LHB Kwang-chih Men 0-0: Ball
1-0: Foul Ball, location: 2F
1-1: SINGLE (Groundball, 56D, EV 98.1 MPH)
Hiroki Yamamoto to second
Batting: RHB Taylor Garofalo 0-0: Swinging Strike
0-1: Swinging Strike
0-2: Ball
1-2: SINGLE (Line Drive, 89S, EV 98.1 MPH)
Hiroki Yamamoto to third
Kwang-chih Men to second
Batting: RHB Han-seung Hah 0-0: Foul Ball, location: 2F
0-1: Ball
1-1: Called Strike
1-2: Foul Ball, location: 2F
1-2: Ground out U3 (Groundball, 3L, EV 81.9 MPH)
Top of the 6th over - 0 runs, 2 hits, 0 errors, 3 left on base; South Bend 0 - Greensboro 2
BOTTOM OF THE 6TH
Greensboro Grasshoppers batting - Pitching for South Bend Cubs : RHP Steve Vint
Batting: LHB Ryan Karg 0-0: Ball
1-0: Ball
2-0: Ball
3-0: Called Strike
3-1: Base on Balls
Batting: RHB Chris Alft 0-0: Fielders Choice at 2nd, 6-4 (Groundball, 6, EV 106.2 MPH)
Batting: LHB Ryan Thompson 0-0: Swinging Strike
0-1: Ball
1-1: Foul Ball, location: 2F
1-2: Ball
2-2: Foul Ball, location: 2F
2-2: Foul Ball, location: 2F
2-2: Ball
3-2: Strikes out swinging
Pitching: LHP Tom Mooney
Batting: LHB Jose Cabello 0-0: Ball
1-0: Foul Ball, location: 2F
1-1: Foul Ball, location: 2F
1-2: Ball
2-2: Strikes out swinging
Bottom of the 6th over - 0 runs, 0 hits, 0 errors, 1 left on base; South Bend 0 - Greensboro 2
TOP OF THE 7TH
South Bend Cubs batting - Pitching for Greensboro Grasshoppers : RHP Bill Padgett
Pitching: RHP Dan Durand
Batting: RHB Juan Bonilla 0-0: Ball
1-0: Called Strike
1-1: Ball
2-1: Fly out, F4 (Popup, 3D, EV 55.6 MPH)
Batting: RHB Josh Burns 0-0: Ball
1-0: Ball
2-0: Ball
3-0: Base on Balls
Batting: RHB Denis Rachin 0-0: Called Strike
0-1: Ball
1-1: SINGLE (Groundball, 6MD, EV 108.1 MPH)
Josh Burns to second
Runner from 2nd tries for 3rd, SAFE, throw by CF made to third
Batting: LHB Adam Conover 0-0: Foul Ball, location: 2F
0-1: Swinging Strike
0-2: Strikes out swinging
Batting: LHB Hiroki Yamamoto 0-0: Ball
1-0: Ball
2-0: Foul Ball, location: 2F
2-1: Swinging Strike
2-2: Ball
3-2: Strikes out looking
Top of the 7th over - 0 runs, 1 hit, 0 errors, 2 left on base; South Bend 0 - Greensboro 2
BOTTOM OF THE 7TH
Greensboro Grasshoppers batting - Pitching for South Bend Cubs : LHP Tom Mooney
Pitching: RHP Jose Mata
Batting: RHB J.D. Vander Klok 0-0: Called Strike
0-1: Swinging Strike
0-2: Foul Ball, location: 2F
0-2: Ball
1-2: Ball
2-2: Strikes out looking
Batting: RHB Dennis Coppolino 0-0: Ball
1-0: Fly out, F9 (Flyball, 89M, EV 78.1 MPH)
Batting: RHB Harrie de Kam 0-0: Ball
1-0: Foul Ball, location: 2F
1-1: Fly out, F7 (Flyball, 7D, EV 103.8 MPH)
Bottom of the 7th over - 0 runs, 0 hits, 0 errors, 0 left on base; South Bend 0 - Greensboro 2
TOP OF THE 8TH
South Bend Cubs batting - Pitching for Greensboro Grasshoppers : RHP Dan Durand
Pitching: RHP Adam Brown
Batting: RHB Andy Huntley 0-0: Ground out U3 (Groundball, 3S, EV 78.8 MPH)
Batting: LHB Kwang-chih Men 0-0: Ball
1-0: Ball
2-0: Called Strike
2-1: SINGLE (Groundball, 34D, EV 106.2 MPH)
Batting: RHB Taylor Garofalo 0-0: Ball
1-0: Ball
2-0: Fly out, F8 (Flyball, 8RD, EV 105.0 MPH)
Batting: RHB Han-seung Hah 0-0: SINGLE (Line Drive, 56D, EV 106.9 MPH)
Kwang-chih Men to second
Batting: RHB Juan Bonilla 0-0: Ball
1-0: Called Strike
1-1: Swinging Strike
1-2: Foul Ball, location: 2F
1-2: Foul Ball, location: 2F
1-2: Ball
2-2: Foul Ball, location: 2F
2-2: Strikes out looking
Top of the 8th over - 0 runs, 2 hits, 0 errors, 2 left on base; South Bend 0 - Greensboro 2
BOTTOM OF THE 8TH
Greensboro Grasshoppers batting - Pitching for South Bend Cubs : RHP Jose Mata
Batting: RHB Rafael Irizarry 0-0: Ball
1-0: Ball
2-0: Ball
3-0: Base on Balls
Batting: RHB Nate Crofts 0-0: Ball
Rafael Irizarry steals 2nd base (no throw)
1-0: Ball
Rafael Irizarry steals 3rd base (no throw)
2-0: Called Strike
2-1: Foul Ball, location: 2F
2-2: Ground out 2-3 (Groundball, 2L, EV 75.0 MPH)
Batting: LHB Ryan Karg 0-0: Intentional Walk
Batting: RHB Chris Alft 0-0: Foul Ball, location: 2F
0-1: Ball
Ryan Karg steals 2nd base
1-1: Ball
2-1: SINGLE (Flyball, 56D, EV 99.4 MPH)
Rafael Irizarry scores
Ryan Karg to third
Batting: LHB Ryan Thompson 0-0: Ball
1-0: Called Strike
1-1: Foul Ball, location: 2F
1-2: Strikes out swinging
Pitching: RHP Angel Pesina
Batting: LHB Jose Cabello 0-0: Fly out, F4 (Line Drive, 34, EV 76.9 MPH)
Bottom of the 8th over - 1 run, 1 hit, 0 errors, 2 left on base; South Bend 0 - Greensboro 3
TOP OF THE 9TH
South Bend Cubs batting - Pitching for Greensboro Grasshoppers : RHP Adam Brown
Batting: RHB Josh Burns 0-0: Ball
1-0: Ball
2-0: DOUBLE (Line Drive, 9LD, EV 103.8 MPH)
Batting: RHB Denis Rachin 0-0: Called Strike
0-1: Foul Ball, location: 2F
0-2: DOUBLE (Line Drive, 3D, EV 97.5 MPH)
Josh Burns scores
Batting: LHB Adam Conover 0-0: Ball
1-0: Foul Ball, location: 2F
1-1: Ball
2-1: Swinging Strike
2-2: Fly out, F9 (Flyball, 9LM, EV 88.1 MPH)
Pitching: RHP Mike Yorke
Batting: LHB Hiroki Yamamoto 0-0: Ball
1-0: Ball
2-0: Ball
3-0: Called Strike
3-1: Fly out, F8 (Line Drive, 8LM, EV 96.2 MPH)
Batting: RHB Andy Huntley 0-0: Swinging Strike
0-1: Called Strike
0-2: Ball
1-2: Strikes out swinging
Top of the 9th over - 1 run, 2 hits, 0 errors, 1 left on base; South Bend 1 - Greensboro 3
Tuesday, March 28th , 2023 - OOTP Baseball 23.10 Build 110